 Dungeon Crawl Stone Soup version 0.28-a0-305-g9e858e973b (webtiles) character file.

Game seed: 11463085468612965396

13033 octoduck the Destroyer (level 11, -12/74 HPs)
             Began as a Green Draconian Conjurer on Aug 29, 2021.
             Was a Priest of Sif Muna.
             Mangled by a cane toad (20 damage)
             ... on level 1 of the Lair of Beasts.
             The game lasted 00:44:30 (16344 turns).

octoduck the Destroyer (Green Draconian Conjurer)  Turns: 16344, Time: 00:44:33

Health: -12/74     AC:  9    Str:  9    XL:     11   Next: 70%
Magic:  8/14       EV: 12    Int: 21    God:    Sif Muna [***...]
Gold:   393        SH:  0    Dex: 11    Spells: 0/14 levels left

rFire   + . .      SeeInvis +   f - +6 whip (elec)
rCold   . . .      Faith    .   (no shield)
rNeg    . . .      Spirit   .   (armour unavailable)
rPois   +          Reflect  .   (helmet restricted)
rElec   .          Harm     .   n - +1 cloak
rCorr   .          Rampage  .   (no gloves)
Will    .....                   (no boots)
Stlth   ++........              t - amulet of regeneration
HPRegen 1.22/turn               y - ring of protection from fire
MPRegen 0.14/turn               v - ring of see invisible

@: lethally poisoned (-12 -> -12)
A: breathe noxious fumes, AC +7, unfitting armour, poison resistance,
cold-blooded
a: Breathe Noxious Fumes, Renounce Religion, Channel Magic, Forget Spell


You were on level 1 of the Lair of Beasts.
You worshipped Sif Muna.
Sif Muna was most pleased with you.
You visited 3 branches of the dungeon, and saw 13 of its levels.
You also visited: Sewer.

You collected 779 gold pieces.
You spent 386 gold pieces at shops.

Inventory:

Hand Weapons
 c - a +0 dagger
 f - a +6 whip of electrocution (weapon)
 s - a +5 flail of flaming
Missiles
 b - 4 throwing nets
Armour
 n - a +1 cloak (worn)
Magical Staves
 J - a staff of fire
 L - a staff of air
Jewellery
 d - a ring of fire
 g - a ring of positive energy
 t - an amulet of regeneration (around neck)
 v - a ring of see invisible (right hand)
 y - a ring of protection from fire (left hand)
Wands
 m - a wand of polymorph (2)
 q - a wand of acid (4)
 A - a wand of charming (5)
 F - a wand of iceblast (4)
 H - a wand of flame (20)
 O - a wand of mindburst (10)
Scrolls
 a - a scroll of holy word
 k - 2 scrolls of fog
 l - 4 scrolls of fear
 x - 2 scrolls of amnesia
 B - 4 scrolls of teleportation
 E - a scroll of enchant armour
 M - a scroll of blinking
Potions
 e - 2 potions of flight
 h - 7 potions of curing
 i - 4 potions of brilliance
 j - a potion of mutation
 o - 4 potions of haste
 p - 3 potions of degeneration
 u - 3 potions of heal wounds
 w - 2 potions of invisibility
 z - 2 potions of magic
 C - a potion of resistance {unknown}
 D - 2 potions of berserk rage
 G - a potion of cancellation
 I - 3 potions of attraction
 K - 2 potions of might {unknown}
Miscellaneous
 r - a piece from Xom's chessboard (15/15)


   Skills:
 + Level 0.0 Fighting
 - Level 1.7 Dodging
 - Level 1.7 Stealth
 + Level 2.0 Spellcasting
 - Level 13.8 Conjurations
 - Level 9.1 Hexes
 - Level 8.4 Translocations
 * Level 0.0 Ice Magic


You couldn't memorise any spells.
You knew the following spells:

 Your Spells              Type           Power      Damage    Failure   Level
a - Magic Dart            Conj           100%       1d8       1%          1
b - Searing Ray           Conj           100%       3d7       1%          2
c - Fulminant Prism       Conj/Hex       25%        3d14      1%          4
d - Iskenderun's Mystic   Conj/Tloc      48%        2d11      1%          4
e - Frozen Ramparts       Ice            4%         1d2       41%         3

Your spell library contained the following spells:

 Spells                   Type           Power      Damage    Failure   Level
 Blink                    Tloc           N/A        N/A       1%          2
 Dazzling Flash           Conj/Hex       100%       N/A       1%          3
 Lesser Beckoning         Tloc           37%        N/A       1%          3
 Portal Projectile        Hex/Tloc       76%        N/A       1%          3
 Mephitic Cloud           Conj/Pois/Air  21%        N/A       7%          3
 Manifold Assault         Tloc           37%        N/A       13%         5
 Ignite Poison            Fire/Tmut/Pois 2%         N/A       41%         3
 Bolt of Magma            Conj/Fire/Erth 10%        4d7       52%         5
 Ice Form                 Ice/Tmut       2%         N/A       82%         4
 Summon Ice Beast         Ice/Summ       2%         N/A       82%         4
 Blade Hands              Tmut           1%         N/A       99%         5
 Excruciating Wounds      Necr           1%         N/A       99%         5


Dungeon Overview and Level Annotations

Branches:
Dungeon (10/15)            Temple (1/1) D:6            Lair (2/6) D:9
  Sewer (visited)
  Swamp: Lair:2-4    Shoals: Lair:2-4     Snake: Lair:2-4    Spider: Lair:2-4
    Orc: D:9-12

Altars:
Ashenzari
Cheibriados
Dithmenos
Elyvilon
Fedhas
Gozag
Hepliaklqana
Kikubaaqudgha
Makhleb
Nemelex Xobeh
Okawaru
Qazlal
Ru
Sif Muna
Trog
Uskayaw
Vehumet
Xom
Yredelemnul
Zin
The Shining One

Shops:
D:2 *   D:3 :

Annotations:
D:4 Eustachio
D:9 Erica
D:10 1 runed translucent door, Anno's ghost, novice MiGl; Erolcha; Fannar; Psyche


Innate Abilities, Weirdness & Mutations

You can breathe blasts of noxious fumes.
Your lurid green scales are hard. (AC +7)
You cannot fit into any form of body armour.
Your system is resistant to poisons. (rPois)
You are cold-blooded and may be slowed by cold attacks.


Message History

The cane toad is moderately wounded.
The cane toad stings you!
A death yak comes into view. x2
The death yak bellows!
The cane toad stings you!
You are poisoned.
The cane toad poisons you!
There is a stone staircase leading up, spattered with blood here.
You feel very sick. The cane toad stings you!
You are more poisoned.
The cane toad poisons you!
You climb upwards.
You feel extremely sick.
There is a stone staircase leading down here.
Press: ? - help, Shift-Dir - straight line You exhale a blast of noxious fumes.
The blast of choking fumes hits the cane toad but does no damage.
The cane toad is moderately wounded.
You feel very sick.
The cane toad stings you but does no damage.
The cane toad misses you.
You hit the cane toad.
The cane toad is heavily wounded.
You feel very sick. The cane toad stings you.
* * * LOW HITPOINT WARNING * * *
You feel very sick.
You feel very sick.
You have got your breath back.
You feel sick. The cane toad misses you.
You feel sick.
You feel sick.
Casting: Searing Ray (safe; 1% risk of failure)
Confirm with . or Enter, or press ? or * to list all spells.
You erupt in a blast of force!
The mystic blast hits the cane toad but does no damage.
The cane toad is moderately wounded.
You feel sick. The cane toad barely misses you. The cane toad stings you!!
You die...

.................≈≈≈≈#######.....
.................≈≈≈≈≈## ##....
................≈≈≈≈≈≈≈## #####
.................≈≈≈≈≈≈≈#≈# #
...#####.##.....#≈≈≈≈≈≈≈≈≈# #####
...#####.###....#...####### #....
..........##..........#...# #....
....#.....##....#.........# #..[.
...##......>...F@.........# #....
...P#.....##....#.....+...# ###.#
..........##....#.....#...# ##.#
...##.##..#......#..#.....####P.#
.....#####.......................
.................................
....................[............
.................................
....#P###........................


You could see a cane toad.

Vanquished Creatures
  Josephine (D:10)
  Sonja (D:10)
  2 black mambas (Lair:1)
  Joseph (D:8)
  5 komodo dragons
  A rime drake (Lair:1)
  Grinder (Sewer)
  15 yaks
  5 wraiths (D:10)
  A shadow (D:8)
  2 wyverns
  3 basilisks
  An acid dragon (D:9)
  4 water moccasins
  Edmund (D:5)
  3 orc warriors
  An ice beast (D:6)
  3 sky beasts
  3 black bears
  4 ogres
  A necrophage (D:4)
  10 centaurs
  A phantom (D:3)
  2 bullfrogs (Lair:1)
  3 kobold brigands
  A wyvern zombie (D:5)
  A scorpion (D:6)
  A water moccasin zombie (D:5)
  A water moccasin skeleton (D:5)
  6 killer bees (D:9)
  6 howler monkeys
  An electric eel (Lair:1)
  A bullfrog zombie (D:6)
  A jelly (D:5)
  A quasit (Sewer)
  3 centaur zombies
  7 orc priests
  5 hounds
  Terence (D:2)
  A centaur skeleton (D:4)
  A gnoll shaman (D:8)
  3 iguanas
  5 orc wizards
  2 killer bee zombies (D:8)
  A hound zombie (D:3)
  A hound skeleton (D:4)
  Robin (D:4)
  A howler monkey zombie (D:9)
  7 gnolls
  11 adders
  2 river rats (D:5)
  4 shadow imps
  5 ufetubi
  2 adder skeletons (D:4)
  2 worms
  3 dart slugs
  28 orcs
  5 bats
  10 endoplasms
  5 giant cockroaches
  15 goblins
  7 hobgoblins
  30 kobolds
  6 quokkas
  9 ball pythons
  A ball python zombie (D:3)
  4 frilled lizards
  8 rats
  A fulminant prism (D:8)
292 creatures vanquished.

Vanquished Creatures (others)
  An adder zombie (Sewer)
  An endoplasm (Sewer)
  2 kobold zombies (Sewer)
  14 fulminant prisms
  3 fungi
  16 plants
  3 toadstools (D:5)
40 creatures vanquished.

Grand Total: 332 creatures vanquished

Notes
Turn   | Place    | Note
-------+----------+-------------------------------------------
     0 | D:1      | octoduck the Draconian Conjurer began the quest for the
                  | Orb.
     0 | D:1      | Reached XP level 1. HP: 14/14 MP: 3/3
   306 | D:1      | Reached XP level 2. HP: 20/20 MP: 0/5
   924 | D:2      | Learned a level 2 spell: Searing Ray
  1001 | D:2      | Reached skill level 5 in Conjurations
  1073 | D:2      | Reached XP level 3. HP: 26/26 MP: 2/6
  1998 | D:2      | Noticed Terence
  2011 | D:2      | Killed Terence
  2012 | D:2      | Reached XP level 4. HP: 28/33 MP: 1/7
  2223 | D:2      | Found Zisunih's Assorted Antiques.
  2423 | D:2      | Bought a scroll of identify for 50 gold pieces
  2474 | D:3      | Reached skill level 6 in Conjurations
  2500 | D:3      | Found a basalt altar of Yredelemnul.
  2572 | D:3      | Found Ytzi's Book Boutique.
  2916 | D:3      | Learned a level 4 spell: Fulminant Prism
  3101 | D:3      | Reached XP level 5. HP: 38/38 MP: 5/8
  3139 | D:3      | Reached skill level 1 in Hexes
  4177 | D:4      | Noticed a necrophage
  4192 | D:4      | Killed a necrophage
  4193 | D:4      | Reached XP level 6. HP: 45/45 MP: 1/9
  4301 | D:4      | Reached skill level 7 in Conjurations
  4850 | D:4      | Noticed Robin
  4879 | D:4      | Killed Robin
  4880 | D:4      | Your scales start taking on a lurid green colour.
  4880 | D:4      | Reached XP level 7. HP: 39/50 MP: 6/10
  4880 | D:4      | Gained mutation: Your system is resistant to poisons.
                  | (rPois) [Green Draconian growth]
  5235 | D:4      | Found a shimmering altar of Xom.
  5333 | D:4      | Found a burning altar of Makhleb.
  5333 | D:4      | Found a glowing golden altar of the Shining One.
  5341 | D:4      | Found a sacrificial altar of Ru.
  5343 | D:4      | Found a shadowy altar of Dithmenos.
  5345 | D:4      | Found an ancient bone altar of Kikubaaqudgha.
  5496 | D:4      | Noticed Eustachio
  5868 | D:5      | Entered Level 5 of the Dungeon
  5974 | D:5      | Found a glowing drain.
  5978 | Sewer    | Entered a sewer
  6388 | Sewer    | Found a burning altar of Makhleb.
  6397 | Sewer    | Reached skill level 8 in Conjurations
  6476 | Sewer    | Noticed Grinder
  6500 | Sewer    | Paralysed by Grinder for 5 turns
  6506 | Sewer    | Killed Grinder
  6507 | Sewer    | Reached skill level 5 in Hexes
  6507 | Sewer    | Reached XP level 8. HP: 52/57 MP: 0/11
  6811 | D:5      | Found a bloodstained altar of Trog.
  7163 | D:5      | Noticed Edmund
  7179 | D:5      | Killed Edmund
  7297 | D:5      | Reached skill level 9 in Conjurations
  8074 | D:6      | Found a staircase to the Ecumenical Temple.
  8093 | Temple   | Entered the Ecumenical Temple
  8199 | Temple   | Became a worshipper of Sif Muna the Loreminder
  8540 | D:6      | Identified the +1 ring mail of the Modern Spines {Dex+5}
  8965 | D:7      | Reached XP level 9. HP: 62/62 MP: 5/12
  9146 | D:7      | Reached skill level 10 in Conjurations
  9198 | D:7      | Found a hide-covered altar of Uskayaw.
  9203 | D:7      | Found a white marble altar of Elyvilon.
  9912 | D:8      | Reached * piety under Sif Muna
 10056 | D:8      | Noticed Joseph
 10090 | D:8      | Killed Joseph
 10376 | D:8      | Reached skill level 11 in Conjurations
 10564 | D:8      | Found a snail-covered altar of Cheibriados.
 10707 | D:8      | Reached XP level 10. HP: 58/69 MP: 0/13
 11184 | D:8      | Reached ** piety under Sif Muna
 11273 | D:8      | Learned a level 4 spell: Iskenderun's Mystic Blast
 11466 | D:9      | Reached skill level 1 in Translocations
 11792 | D:9      | Found a glowing silver altar of Zin.
 11813 | D:9      | Found a sparkling altar of Nemelex Xobeh.
 12065 | D:9      | Reached skill level 12 in Conjurations
 12481 | D:9      | Reached skill level 5 in Translocations
 12585 | D:9      | Noticed Erica
 12979 | D:9      | Found a staircase to the Lair.
 13209 | D:10     | Entered Level 10 of the Dungeon
 13492 | D:10     | Reached *** piety under Sif Muna
 13638 | D:10     | Noticed Erolcha
 13711 | D:10     | Reached XP level 11. HP: 71/74 MP: 9/14
 13969 | D:10     | Found a runed translucent door.
 13971 | D:10     | Found a shimmering altar of Xom.
 13971 | D:10     | Noticed Anno's ghost (novice MiGl)
 13972 | D:10     | Noticed a +1 trident of chaos
 13991 | D:10     | Noticed Sonja
 13998 | D:10     | Killed Sonja
 13999 | D:10     | Reached skill level 13 in Conjurations
 14142 | D:10     | Noticed Josephine
 14162 | D:10     | Killed Josephine
 14311 | D:10     | Noticed Fannar
 14311 | D:10     | Noticed Psyche
 14488 | Lair:1   | Entered Level 1 of the Lair of Beasts
 16037 | D:3      | Bought a book of Rime for 336 gold pieces
 16041 | D:3      | Learned a level 3 spell: Frozen Ramparts
 16333 | Lair:2   | Noticed a death yak
 16333 | Lair:2   | Noticed a death yak
 16344 | Lair:1   | Mangled by a cane toad

Illustrated notes

Levels and vault maps discovered:
D:1:      lightli_arrival_flooded_house, layout_rooms
D:2:      layout_basic, serial_shops, nicolae_shop_crystal,
          serial_co_window_serial, co_window_paths_a,
          co_window_of_opportunity_a, co_window_paths_b,
          co_window_of_opportunity_a, co_window_corner_a, co_window_paths_a,
          co_window_corner_a, co_window_cross_1, co_window_paths_a,
          co_window_broadway_b, co_window_of_opportunity_b, co_window_corner_cb,
          co_window_of_opportunity_b, co_window_corner_b, co_window_broadway_a,
          co_window_cross_4, glass_columns_c, glass_columns_c, glass_columns_c,
          glass_columns_c, uniq_terence
D:3:      minmay_chambers_of_twos, layout_basic,
          lemuel_zombie_altar_yredelemnul, serial_shops, shop
D:4:      layout_loops_corners, chequers_temple_overflow_minitemple,
          xom_butterflies, uniq_eustachio, uniq_robin
D:5:      layout_basic, mainiacjoe_overflow_six_doors_small,
          gup_sewer_entry_spiral, minmay_gold_behind_fungi, uniq_edmund
D:6:      layout_rooms, minmay_temple_entry_stoned_glass, uniq_grinder
D:7:      layout_basic, mainiacjoe_overflow_big_doors, grunt_ogre_cave,
          nrook_campfire
D:8:      layout_basic, slow_altar_1, minivault_21, grunt_decor_resistance,
          uniq_joseph
D:9:      layout_basic, zin_scriptorium, nicolae_overflow_crystal_walls,
          erik_lair_dragon, uniq_erica
D:10:     layout_roguey, ebering_ghost_xom, uniq_psyche, uniq_josephine,
          uniq_fannar, uniq_sonja, uniq_erolcha
Temple:   grunt_temple_mini_profane
Lair:1:   layout_regular_city, chequers_serial_rivers_large_a,
          serial_bayou_shore_a
Lair:2:   layout_cellular_growth, minivault_11

Skill      XL: |  1  2  3  4  5  6  7  8  9 10 11 |
---------------+----------------------------------+-----
Conjurations   | 5 6 7 8 9 11 12 13 | 13.8
Hexes          | 2 3 5 6 8 9 |  9.1
Translocations | 5 8 |  8.4
Dodging        | |  1.7
Stealth        | |  1.7
Spellcasting   | |  2.0

Action                   |  1- 3 |  4- 6 |  7- 9 | 10-12 || total
-------------------------+-------+-------+-------+-------++-------
Melee: Unarmed           |    18 |       |       |       ||    18
       Tailslap          |     3 |     4 |    21 |    10 ||    38
       Whip              |     3 |    32 |   227 |   120 ||   382
Throw: Throwing net      |       |     2 |       |       ||     2
 Cast: Magic Dart        |    66 |    77 |   156 |    81 ||   380
       Searing Ray       |     1 |     4 |    22 |    37 ||    64
       Fulminant Prism   |       |       |     2 |    13 ||    15
       Iskenderun's Myst |       |       |       |     1 ||     1
 Abil: Breathe Noxious F |       |       |     6 |     6 ||    12
Evoke: Wand              |       |       |       |     2 ||     2
  Use: Scroll            |     6 |     3 |    13 |     8 ||    30
       Potion            |       |       |     1 |     2 ||     3
 Stab: Sleeping          |       |       |     2 |       ||     2
Armor: Skin              |    12 |    22 |   125 |    62 ||   221
Dodge: Dodged            |    26 |    32 |   203 |   132 ||   393

Table legend: (Time is in decaauts)
 A = Elapsed time spent in this place.
 B = Non-inter-level travel time spent in this place.
 C = Inter-level travel time spent in this place.
 D = Time resting spent in this place.
 E = Time spent auto-exploring this place.
 F = Levels seen in this place.
 G = Mean time per level.
                   A        B        C        D        E       F      G
               +--------+--------+--------+--------+--------+-----+--------+
         Total |  16444 |  14496 |   1948 |   4742 |   6753 |  14 | 1174.6 |
       Dungeon |  14214 |  12472 |   1742 |   4039 |   5964 |  10 | 1421.4 |
        Temple |    134 |     93 |     41 |      0 |     87 |   1 |  134.0 |
          Lair |   1364 |   1200 |    164 |    375 |    570 |   2 |  682.0 |
         Sewer |    730 |    730 |      0 |    328 |    132 |   1 |  730.0 |
               +--------+--------+--------+--------+--------+-----+--------+

Top non-repeatable levels by time:
     D:4: 2028 daAuts
     D:9: 2024 daAuts
     D:3: 1705 daAuts
     D:8: 1661 daAuts
     D:2: 1502 daAuts
     D:5: 1435 daAuts
  Lair:1: 1355 daAuts
    D:10: 1130 daAuts
     D:7: 1082 daAuts
     D:1: 940 daAuts
   Sewer: 730 daAuts
     D:6: 702 daAuts
  Temple: 134 daAuts
  Lair:2: 9 daAuts
